 Dungeon Crawl Stone Soup version 0.28-a0-384-g9e0c098162 (webtiles) character file.

Game seed: 2624634477566930939

10138 robertstho the Thaumaturge (level 11, -15/78 HPs)
             Began as a Djinni Fire Elementalist on Sept 2, 2021.
             Was an Initiate of Gozag.
             Killed by the air
             ... invoked by Gastronok
              (33 damage)
             ... on level 11 of the Dungeon.
             The game lasted 00:18:28 (16226 turns).

robertstho the Thaumaturge (DjFE)                  Turns: 16226, Time: 00:18:30

Health: -15/78     AC:  6    Str: 13    XL:     11   Next: 87%
Gold:   1014       EV: 13    Int: 20    God:    Gozag SH:  0 Dex: 14

rFire   + + .      SeeInvis .   h - +4 long sword (freeze)
rCold   x . .      Faith    .   (no shield)
rNeg    . . .      Spirit   .   G - +0 steam dragon scales
rPois   ∞          Reflect  .   o - +0 helmet
rElec   .          Harm     .   (no cloak)
rCorr   .          Rampage  .   (no gloves)
Will    +....                   (boots unavailable)
Stlth   ++........              (no amulet)
HPRegen 0.23/turn               D - +6 ring of strength
MPRegen 0.00/turn               (no ring)

@: flying, very slightly contaminated
A: sickness immunity, fire resistance 2, cold vulnerability 1, float, innate
caster, hp casting, extra vitality 1
a: Renounce Religion, Potion Petition, Call Merchant, Bribe Branch


You were on level 11 of the Dungeon.
You worshipped Gozag.
Gozag was most pleased with you.
You visited 2 branches of the dungeon, and saw 12 of its levels.

You collected 1710 gold pieces.
You paid 696 gold pieces to Gozag.

Inventory:

Hand Weapons
 f - a +0 rapier
 h - a +4 long sword of freezing (weapon)
 F - a +2 scimitar of flaming
Armour
 a - a +0 robe
 o - a +0 helmet (worn)
 G - +0 steam dragon scales (worn)
Jewellery
 D - a +6 ring of strength (left hand)
Wands
 p - a wand of flame (44)
 C - a wand of iceblast (9)
 E - a wand of acid (6)
 I - a wand of polymorph (7)
 J - a wand of mindburst (13)
Scrolls
 b - 3 scrolls of fog
 c - 2 scrolls of summoning {unknown}
 e - 3 scrolls of blinking {unknown}
 j - a scroll of holy word {unknown}
 k - 3 scrolls of noise {unknown}
 l - 3 scrolls of enchant weapon {unknown}
 m - 2 scrolls of immolation {unknown}
 n - 3 scrolls of amnesia {unknown}
 q - 2 scrolls of magic mapping
 r - 2 scrolls of fear
 y - a scroll of silence {unknown}
 A - 2 scrolls of torment {unknown}
 B - a scroll of teleportation {unknown}
 H - a scroll of enchant armour
 L - a scroll of identify
Potions
 d - 2 potions of haste
 g - a potion of flight {unknown}
 i - 2 potions of curing
 s - 4 potions of might {unknown}
 t - 3 potions of brilliance {unknown}
 u - 2 potions of cancellation {unknown}
 v - a potion of lignification {unknown}
 w - 3 potions of berserk rage {unknown}
 x - a potion of invisibility
 z - 2 potions of attraction {unknown}
Miscellaneous
 K - a phantom mirror


   Skills:
 * Level 6.4 Fighting
 + Level 3.1 Dodging
 + Level 3.3 Stealth
 * Level 12.4 Spellcasting


You had 2 spell levels left.
You knew the following spells:

 Your Spells              Type           Power      Damage    Failure   Level
a - Foxfire               Conj/Fire      100%       2x1d9     1%          1
b - Scorch                Fire           100%       2d10      1%          2
c - Conjure Flame         Conj/Fire      58%        6-21      1%          3
d - Inner Flame           Hex/Fire       58%        N/A       1%          3
e - Sticky Flame          Conj/Fire      58%        2d7       1%          4
f - Fireball              Conj/Fire      29%        3d13      1%          5
g - Shock                 Conj/Air       100%       1d9       1%          1
h - Searing Ray           Conj           100%       3d7       1%          2
i - Slow                  Hex            58%        N/A       1%          2
j - Airstrike             Air            29%        N/A       1%          4
k - Silence               Hex/Air        29%        N/A       1%          5
Your spell library was empty.

Dungeon Overview and Level Annotations

Branches:
Dungeon (11/15)            Temple (1/1) D:4            Lair (0/6) D:8
    Orc: D:9-12

Altars:
Ashenzari
Cheibriados
Dithmenos
Elyvilon
Fedhas
Gozag
Hepliaklqana
Kikubaaqudgha
Makhleb
Nemelex Xobeh
Okawaru
Qazlal
Ru
Uskayaw
Vehumet
Wu Jian
Xom
Yredelemnul
Zin
The Shining One

Shops:
D:6 =   D:10 *

Annotations:
D:11 Gastronok


Innate Abilities, Weirdness & Mutations

You are immune to sickness and miasma.
You are immune to poison.
Your flesh is very heat resistant. (rF++)
You are vulnerable to cold. (rC-)
You float through the air rather than walking.
You learn spells naturally, not from books.
Your magical power is your life essence.
You have superior vitality. (+4 HP)


Message History

Gastronok is severely wounded.
* * * LOW HITPOINT WARNING * * *
Unknown command.
Casting: Fireball (dangerous; 1% risk of failure)
Confirm with . or Enter, or press ? or * to list all spells.
Aiming: Fireball (dangerous; 1% risk of failure)
Press: ? - help, Shift-Dir - straight line, f/p - Gastronok
Aim: Gastronok, wearing a +0 hat of stealth (severely wounded)
The fireball explodes!
The fireball engulfs Gastronok.
Gastronok is severely wounded.
* * * LOW HITPOINT WARNING * * *
Unknown command.
Unknown command.
You feel better.
Casting: Fireball (dangerous; 1% risk of failure)
Confirm with . or Enter, or press ? or * to list all spells.
Flames lash Gastronok.
Gastronok is severely wounded.
Gastronok's fire resistance burns away.
* * * LOW HITPOINT WARNING * * *
Casting: Scorch (safe; 1% risk of failure)
Confirm with . or Enter, or press ? or * to list all spells.
Flames lash Gastronok.
Gastronok is burned terribly!
Gastronok is almost dead.
* * * LOW HITPOINT WARNING * * *
Unknown command.
Casting: Scorch (safe; 1% risk of failure)
Confirm with . or Enter, or press ? or * to list all spells.
Aiming: Sticky Flame (safe; 1% risk of failure)
Press: ? - help, Shift-Dir - straight line, f/p - Gastronok
Aim: Gastronok, wearing a +0 hat of stealth (almost dead, more vulnerable to fire, 100% to hit)
The sticky flame hits Gastronok!
Gastronok is burned terribly!
Gastronok is almost dead.
Gastronok is covered in liquid flames!
* * * LOW HITPOINT WARNING * * *
Gastronok burns!
Gastronok waves his eye-stalks in wide circles.
The air twists around and strikes you!!
You die...
Your body crumbles into a pile of gold.

#.........##...##..#
#..##..........##..#
#####..........##'##
#.....#######..#
#.....##...##..#
#...........'..#
#...........#..#
#.>...##...##..#
......##.@.##..#
......w.....>#
.........##..#
.........#####
..........
...........
...........
############


You could see Gastronok (burning, inflammable).

Vanquished Creatures
  Erolcha (D:9)
  Erica (D:10)
  Maggie (D:8)
  2 kobold demonologists (D:10)
  Psyche (D:9)
  A komodo dragon (D:6)
  2 hornets
  Prince Ribbit (D:6)
  A shadow (D:10)
  A wraith (D:9)
  2 wyverns
  3 yaks (D:10)
  Grum (D:10)
  A steam dragon (D:6)
  Edmund (D:4)
  Duvessa (D:4)
  2 water moccasins (D:8)
  2 acid dragons
  4 orc warriors
  7 black bears
  4 ice beasts
  4 centaurs
  An ogre (D:5)
  3 wolves (D:10)
  A phantom (D:6)
  5 kobold brigands
  A wyvern zombie (D:6)
  3 bullfrogs
  6 scorpions
  Dowan (D:4)
  8 killer bees
  5 wights (D:7)
  2 howler monkeys (D:7)
  A bullfrog zombie (D:5)
  3 centaur zombies
  3 jellies
  3 hounds
  An orc priest (D:9)
  A bullfrog skeleton (D:5)
  2 centaur skeletons
  6 orc wizards
  4 iguanas
  A hound skeleton (D:3)
  3 howler monkey zombies
  Robin (D:4)
  3 gnolls (D:6)
  6 adders
  A white imp (D:6)
  3 ufetubi
  A worm (D:2)
  4 dart slugs
  21 orcs
  6 endoplasms
  A giant cockroach (D:1)
  14 goblins
  7 hobgoblins
  9 jackals (D:1)
  17 kobolds
  2 quokkas
  4 ball pythons
  6 bats
  3 frilled lizards
  4 rats
221 creatures vanquished.

Vanquished Creatures (others)
  A ball python (D:1)
  48 foxfires (D:1)
  37 fungi (D:8)
  27 plants (D:8)
113 creatures vanquished.

Grand Total: 334 creatures vanquished

Notes
Turn   | Place    | Note
-------+----------+-------------------------------------------
     0 | D:1      | robertstho the Djinni Fire Elementalist began the quest for
                  | the Orb.
     0 | D:1      | Reached XP level 1. HP: 15/15 MP: 0/0
    26 | D:1      | Reached XP level 2. HP: 7/21 MP: 0/0
   573 | D:1      | Reached skill level 3 in Spellcasting
   575 | D:1      | Reached XP level 3. HP: 12/26 MP: 0/0
   575 | D:1      | Learned a level 1 spell: Shock
   803 | D:1      | Found a faded altar of an unknown god.
  1326 | D:1      | Reached skill level 1 in Fighting
  1809 | D:2      | Reached XP level 4. HP: 27/32 MP: 0/0
  3787 | D:3      | Reached XP level 5. HP: 27/37 MP: 0/0
  3787 | D:3      | Learned a level 2 spell: Searing Ray
  4553 | D:4      | Noticed Duvessa
  4553 | D:4      | Noticed Dowan
  4573 | D:4      | Killed Duvessa
  4574 | D:4      | Reached skill level 4 in Spellcasting
  4574 | D:4      | Reached XP level 6. HP: 16/42 MP: 0/0
  4939 | D:4      | Identified the +3 leather armour of Zudouts {-Cast Str+2
                  | Dex+3}
  5112 | D:4      | Found a staircase to the Ecumenical Temple.
  5172 | D:4      | Killed Dowan
  5220 | Temple   | Entered the Ecumenical Temple
  5421 | Temple   | Became a worshipper of Gozag Ym Sagoz the Greedy
  5536 | D:4      | Noticed Robin
  5550 | D:4      | Killed Robin
  5551 | D:4      | Reached skill level 5 in Spellcasting
  5593 | D:4      | Noticed Edmund
  5782 | D:4      | Killed Edmund
  5783 | D:4      | Reached XP level 7. HP: 38/48 MP: 0/0
  5783 | D:4      | Learned a level 2 spell: Slow
  6049 | D:5      | Entered Level 5 of the Dungeon
  6369 | D:5      | Found a broken altar of Ashenzari.
  6544 | D:5      | Reached skill level 6 in Spellcasting
  6778 | D:5      | Reached XP level 8. HP: 34/55 MP: 0/0
  7781 | D:6      | Reached skill level 7 in Spellcasting
  8185 | D:6      | Reached XP level 9. HP: 20/62 MP: 0/0
  8185 | D:6      | Learned a level 4 spell: Airstrike
  8801 | D:6      | Noticed Prince Ribbit
  8808 | D:6      | Killed Prince Ribbit
  8809 | D:6      | Reached skill level 8 in Spellcasting
  9675 | D:6      | Noticed a komodo dragon
  9682 | D:6      | Killed a komodo dragon
  9683 | D:6      | Reached skill level 9 in Spellcasting
 10277 | D:7      | Identified the +8 spear of Revolt {vorpal, Str-5 Dex+9}
 10323 | D:7      | Found a basalt altar of Yredelemnul.
 10435 | D:7      | Reached XP level 10. HP: 53/69 MP: 0/0
 11340 | D:7      | Reached skill level 10 in Spellcasting
 11538 | D:7      | Reached skill level 5 in Fighting
 12246 | D:8      | Noticed Maggie
 12252 | D:8      | Killed Maggie
 12407 | D:8      | Found a staircase to the Lair.
 13161 | D:9      | Reached skill level 11 in Spellcasting
 13358 | D:9      | Reached XP level 11. HP: 51/76 MP: 0/0
 13358 | D:9      | Learned a level 5 spell: Silence
 13488 | D:9      | Found a white marble altar of Elyvilon.
 13579 | D:9      | Found an ornate altar of the Wu Jian Council.
 13783 | D:9      | Noticed Psyche
 13787 | D:9      | Killed Psyche
 14021 | D:9      | Found a glowing silver altar of Zin.
 14298 | D:9      | Noticed Erolcha
 14301 | D:9      | Killed Erolcha
 14433 | D:10     | Entered Level 10 of the Dungeon
 14434 | D:10     | Found Waustres's Assorted Antiques.
 14935 | D:10     | Reached skill level 12 in Spellcasting
 15101 | D:10     | Noticed Grum
 15110 | D:10     | Killed Grum
 15759 | D:10     | Noticed Erica
 15764 | D:10     | Killed Erica
 16213 | D:11     | Noticed Gastronok
 16226 | D:11     | Killed from afar by Gastronok

Illustrated notes

Levels and vault maps discovered:
D:1:      psy_arrival_radial01, layout_loops_cross,
          shapermc_ecumenical_altar_gd, lemuel_old_faithful
D:2:      layout_loops_corners
D:3:      layout_basic, minmay_misc_feat_rugged
D:4:      layout_basic, temple_statues, serial_forest,
          infiniplex_forest_straight_2, infiniplex_forest_end_2,
          infiniplex_forest_straight_3, infiniplex_forest_clump_medium,
          infiniplex_forest_straight_2, infiniplex_forest_straight_1,
          uniq_edmund, uniq_robin, uniq_duvessa
D:5:      layout_basic, mainiacjoe_overflow_boulevard, minmay_misc_feat_tiny
D:6:      minmay_bubble_buster, layout_cave_pods, uniq_prince_ribbit1
D:7:      layout_gridville, amcnicky_altar_gilded, minmay_liquid_box
D:8:      layout_basic, due_lair_maze_entry_diamond, item_on_display_a,
          uniq_maggie
D:9:      layout_loops_cross, kennysheep_little_box, marbit_many_paths,
          old_standard_altar, uniq_psyche, uniq_erolcha
D:10:     layout_roguey, nicolae_overflow_hidden_temple, serial_shops,
          nicolae_take_the_stairs, uniq_erica, uniq_grum
D:11:     layout_gridville, david_orc_4, uniq_fannar, uniq_gastronok
Temple:   eino_temple_scatter_basement

Skill      XL: |  1  2  3  4  5  6  7  8  9 10 11 |
---------------+----------------------------------+-----
Spellcasting   | 3 4 5 6 7 9 11 12 | 12.4
Fighting       | 1 2 3 4 5 6 |  6.4
Stealth        | 2 3 |  3.3
Dodging        | 3 |  3.1

Action                   |  1- 3 |  4- 6 |  7- 9 | 10-12 || total
-------------------------+-------+-------+-------+-------++-------
Melee: Rapier            |    11 |       |       |       ||    11
       Long sword        |       |     5 |     1 |       ||     6
 Cast: Foxfire           |    27 |       |       |       ||    27
       Scorch            |    18 |    77 |    98 |    49 ||   242
       Inner Flame       |       |     1 |       |     2 ||     3
       Fireball          |       |       |    29 |    95 ||   124
       Sticky Flame      |       |       |     1 |     6 ||     7
Invok: Call Merchant     |       |       |     1 |       ||     1
  Use: Potion            |       |     1 |     2 |     1 ||     4
       Scroll            |       |       |     5 |     3 ||     8
Armor: Robe              |     3 |     1 |    11 |       ||    15
       Steam dragon scal |       |       |       |    15 ||    15
Dodge: Dodged            |    23 |    19 |    40 |    30 ||   112

Table legend: (Time is in decaauts)
 A = Elapsed time spent in this place.
 B = Non-inter-level travel time spent in this place.
 C = Inter-level travel time spent in this place.
 D = Time resting spent in this place.
 E = Time spent auto-exploring this place.
 F = Levels seen in this place.
 G = Mean time per level.
                   A        B        C        D        E       F      G
               +--------+--------+--------+--------+--------+-----+--------+
         Total |  16255 |  15772 |    483 |    496 |  14095 |  12 | 1354.6 |
       Dungeon |  16040 |  15571 |    469 |    496 |  13913 |  11 | 1458.2 |
        Temple |    214 |    201 |     13 |      0 |    182 |   1 |  214.0 |
               +--------+--------+--------+--------+--------+-----+--------+

Top non-repeatable levels by time:
     D:6: 2492 daAuts
     D:1: 1789 daAuts
    D:10: 1760 daAuts
     D:5: 1711 daAuts
     D:3: 1642 daAuts
     D:7: 1571 daAuts
     D:2: 1501 daAuts
     D:9: 1333 daAuts
     D:8: 1279 daAuts
     D:4: 905 daAuts
  Temple: 214 daAuts
    D:11: 51 daAuts
